 Dungeon Crawl Stone Soup version 0.29.1-15-g9cfb28693d (webtiles) character file.

Game seed: 17547278458434142201

35 zeram the Sneak (level 3, -2/16 HPs)
             Began as a Spriggan Enchanter on Mar 16, 2023.
             Slain by an ice beast (7 damage)
             ... on level 3 of the Dungeon.
             The game lasted 00:02:21 (1960 turns).

zeram the Sneak (Spriggan Enchanter)                Turns: 1960, Time: 00:02:21

Health: -2/16      AC:  2    Str:  4    XL:     3   Next: 17%
Magic:  8/8        EV: 17    Int: 18    God:
Gold:   127        SH:  0    Dex: 15    Spells: 2/7 levels left

rFire   . . .      SeeInvis +   a - +1 dagger
rCold   . . .      Faith    .   (no shield)
rNeg    . . .      Spirit   .   b - +0 robe
rPois   .          Reflect  .   (helmet restricted)
rElec   .          Harm     .   (no cloak)
rCorr   .          Rampage  .   (gloves unavailable)
Will    .....                   (boots unavailable)
Stlth   +++.......              (no amulet)
HPRegen 0.05/turn               (no ring)
MPRegen 0.11/turn               (no ring)

@: very quick
A: very small, no large weapons, unfitting armour, see invisible, speed 3
a: no special abilities


You were on level 3 of the Dungeon.
You visited 1 branch of the dungeon, and saw 4 of its levels.

You collected 127 gold pieces.

Inventory:

Hand Weapons
 a - a +1 dagger (weapon)
Armour
 b - a +0 robe (worn)
Scrolls
 e - a scroll of fear {unknown}
 h - a scroll of amnesia {unknown}
 i - a scroll of enchant weapon {unknown}
Potions
 c - 2 potions of invisibility
 f - a potion of heal wounds
 g - a potion of flight


   Skills:
 + Level 1.7 Short Blades
 + Level 3.0 Dodging
 + Level 5.5 Stealth
 + Level 2.9 Spellcasting
 - Level 4.0 Hexes


You had 2 spell levels left.
You knew the following spells:

 Your Spells              Type           Power      Damage    Failure   Level
a - Ensorcelled Hibernat  Hex/Ice        18%        N/A       11%         2
b - Tukima's Dance        Hex            17%        N/A       10%         3

Your spell library contained the following spells:

 Spells                   Type           Power      Damage    Failure   Level
 Scorch                   Fire           4%         2d5       26%         2
 Confusing Touch          Hex            17%        N/A       10%         3
 Dazzling Flash           Conj/Hex       18%        N/A       22%         3
 Ozocubu's Armour         Ice            2%         N/A       45%         3
 Flame Wave               Conj/Fire      2%         2d4       86%         4
 Summon Cactus Giant      Summ           1%         N/A       100%        6
 Ozocubu's Refrigeration  Ice            1%         4d7       100%        7


Dungeon Overview and Level Annotations

Branches:
Dungeon (4/15)
 Temple: D:4-7

Altars:


Innate Abilities, Weirdness & Mutations

You are very small and have problems with some larger weapons.
You are too small for most types of armour.
You have supernaturally acute eyesight. (SInv)
You cover ground extremely quickly. (Speed+++)


Message History

No target in view!
An ice beast comes into view.
An ice beast is nearby!
An ice beast is nearby!
An ice beast is nearby!
An ice beast is nearby!
Casting: Ensorcelled Hibernation (safe; 11% risk of failure)
Confirm with . or Enter, or press ? or * to list all spells.
You can't see any susceptible monsters within range! (Use Z to cast anyway.)
Aiming: Fastroot
Press: ? - help, Shift-Dir - straight line, f - ice beast
Aim: an ice beast The roots erupt in riotous growth!
Roots grab the ice beast.
The now-empty wand crumbles to dust.
The grasping roots constrict the ice beast.
The ice beast struggles to escape constriction.
Unknown command.
The grasping roots constrict the ice beast.
The roots release their grip on the ice beast.
You hit the ice beast but do no damage.
The ice beast is lightly wounded.
The ice beast hits you. The ice beast freezes you.
Found 12 gold pieces.
There is a stone staircase leading down here.
You climb downwards.
Found 12 gold pieces, a short sword and a glowing short sword.
There is a stone staircase leading up here.
You are too injured to fight recklessly!
You are too injured to fight recklessly!
An orc and an orc priest come into view.
The orc priest shouts!
You hear a shout! x3
An orc comes into view. It is wielding a +0 club.
Found 12 gold pieces.
An orc comes into view. It is wielding a +0 whip.
You are too injured to fight recklessly!
The orc shouts!
There is a stone staircase leading up here.
You climb upwards.
The ice beast hits you. The ice beast freezes you!
You die...

##.......#.########
#..........#
##..........### #
###.............#
#...............#.#
...###...|......#..#
.... #..........# r#
.....##..(.....## .
#...@........####
#.(#.Y............##
#..............##..####
.................##.....
#..##............#######
#$ .)..........#.# .
####........##.#
#.....#### .. ####...
..#


You could see an ice beast.

Vanquished Creatures
  2 adders (D:2)
  A bat (D:2)
  4 endoplasms
  A hobgoblin (D:1)
  4 goblins
  4 kobolds
  2 rats (D:1)
18 creatures vanquished.

Notes
Turn   | Place    | Note
-------+----------+-------------------------------------------
     0 | D:1      | zeram the Spriggan Enchanter began the quest for the Orb.
     0 | D:1      | Reached XP level 1. HP: 9/9 MP: 5/5
   260 | D:1      | Found a faded altar of an unknown god.
  1055 | D:2      | Reached skill level 5 in Stealth
  1055 | D:2      | Reached XP level 2. HP: 13/13 MP: 6/6
  1555 | D:2      | Learned a level 2 spell: Ensorcelled Hibernation
  1606 | D:2      | Reached XP level 3. HP: 16/16 MP: 8/8
  1610 | D:2      | Learned a level 3 spell: Tukima's Dance
  1925 | D:3      | Noticed an ice beast
  1960 | D:3      | Slain by an ice beast

Illustrated notes

Levels and vault maps discovered:
D:1:      amcnicky_arrival_choice, layout_basic,
          dreamdust_ecumenical_altar_grove, hangedman_decor_points
D:2:      layout_loops_ring, nicolae_figureground_sparkle
D:3:      layout_rooms
D:4:      layout_basic

Skill      XL: |  1  2  3 |
---------------+----------+-----
Stealth        | 5 |  5.5
Hexes          | 4 |  4.0
Dodging        | 3 |  3.0
Short Blades   | |  1.7
Spellcasting   | |  2.9

Action                   || total
-------------------------++-------
Melee: Dagger            ||    42
 Cast: Ensorcelled Hiber ||     2
Evoke: Wand              ||     1
  Use: Scroll            ||     3
 Stab: Sleeping          ||     9
       Distracted        ||     1
Armor: Robe              ||     5
Dodge: Dodged            ||    18
